Cogmind - Beta 12 @@@ ROGUE MODE // 2023.11.27 @ 22:59:52 Player: ktur Result: Destroyed by as-09780 with Assembled Focal Cannon Performance ------------- Evolutions (3) 1500 Regions Visited (11) 2200 Robots Destroyed (109) 545 Value Destroyed (4809) 4809 Prototype IDs (50) 1000 Alien Tech Used (0) 0 Bonus (2473) 2473 TOTAL SCORE: 12527 Bonus ------- High Alert Combat Kills 470 Follower Combat Kills 203 Entered Garrisons 200 Aligned with FarCom 300 Met Imprinter 300 Destroyed Z-Imprinter 1000 Cogmind --------- Core Integrity 0/700 Matter 139/300 Energy 652/700 System Corruption 0% Temperature Cool (12) Movement Rolling (145) Ox3 Location -7/Deep Caves Parts ------- > --- POWER (2) -------- Zionite Light DM Reactor > --- PROPULSION (2) --- Armored Huge Wheel > --- UTILITY (7) ------ Huge Storage Unit Zionite Biocell Advanced Targeting Computer Particle Charger Zionite Weapon Casing Zionite Heavy Carapace > --- WEAPON (2) ------- Heavy EM Shotgun Heavy EM Shotgun > --- INVENTORY (25) --- Potential Leg Potential Leg Power Amplifier Improved Cooling System High-capacity Matter Pod (200) Surveybot 24 Chip Encrypted Comm Array Armor Integrity Analyzer Energy Filter Weapon Cycler Zionite Weapon Casing Zionite Weapon Casing Zionite Weapon Casing Makeshift Hacking Suite Makeshift Hacking Suite Makeshift Hacking Suite Makeshift System Shield Component Analysis Suite Improved Trap Extractor (0/6) EM Pulse Cannon Improved Proton Missile Launcher Missile Launcher Datajack Heavy Mace CR-A16's Pointy Stick Peak State ------------ > --- POWER ------------ Zionite Light DM Reactor > --- PROPULSION ------- Armored Huge Wheel > --- UTILITY ---------- Huge Storage Unit Zionite Biocell Advanced Targeting Computer Zionite Weapon Casing Zionite Weapon Casing Zionite Heavy Carapace > --- WEAPON ----------- Heavy EM Shotgun Heavy EM Shotgun > --- INVENTORY -------- Potential Leg Potential Leg Power Amplifier Improved Cooling System High-capacity Matter Pod Surveybot 24 Chip Encrypted Comm Array Armor Integrity Analyzer Energy Filter Particle Charger Weapon Cycler Zionite Weapon Casing Zionite Weapon Casing Makeshift Hacking Suite Makeshift Hacking Suite Makeshift Hacking Suite Makeshift System Shield Component Analysis Suite Improved Trap Extractor EM Pulse Cannon Improved Proton Missile Launcher Missile Launcher Datajack Heavy Mace CR-A16's Pointy Stick [Rating: 69] Favorites ----------- Power Light Ion Engine Engine Light Ion Engine Power Core Light Nuclear Core Reactor Zionite Light DM Reactor Propulsion Light Treads Treads Light Treads Wheel Armored Huge Wheel Utility Weapon Cycler Device Weapon Cycler Storage High-capacity Storage Unit Processor Advanced Targeting Computer Protection Hardened Light Armor Plating Weapon Heavy Assault Rifle Energy Gun Medium Laser Energy Cannon EM Pulse Cannon Ballistic Gun Heavy Assault Rifle Ballistic Cannon Light Cannon Launcher Missile Launcher Impact Weapon Heavy Mace Special Melee Weapon Datajack Build | -11 -10 -10 -10 -9 -8 -8 -8 -7 -7 -7 -7 ------- Run | Jun Mat Min Exi Min Mat Gar Mat Fac Low Zio Dee Slots Evolved 6 | . . . . . 4 . . 2 . . . Power 1 | . . . . . . . . 1 . . . Propulsion . | . . . . . . . . . . . . Utility 5 | . . . . . 4 . . 1 . . . Weapon . | . . . . . . . . . . . . Parts Attached 151 | 7 10 2 2 1 31 31 12 28 1 9 17 Power 11 | 1 1 . . . 3 1 1 3 . . 1 Engine 5 | 1 1 . . . 2 . . 1 . . . Core 5 | . . . . . 1 1 1 2 . . . Reactor 1 | . . . . . . . . . . . 1 Propulsion 26 | 2 . . . . 7 8 2 5 1 . 1 Treads 19 | 2 . . . . 7 8 2 . . . . Leg . | . . . . . . . . . . . . Wheel 7 | . . . . . . . . 5 1 . 1 Hover . | . . . . . . . . . . . . Flight . | . . . . . . . . . . . . Utility 44 | 2 3 1 1 . 11 3 5 6 . 4 8 Device 18 | 1 . . . . 6 1 2 3 . 3 2 Storage 6 | 1 2 . 1 . . . . 1 . . 1 Processor 3 | . 1 . . . . . 1 1 . . . Hackware . | . . . . . . . . . . . . Protection 17 | . . 1 . . 5 2 2 1 . 1 5 Artifact . | . . . . . . . . . . . . Weapon 70 | 2 6 1 1 1 10 19 4 14 . 5 7 Energy Gun 5 | . 1 . . 1 1 . . . . . 2 Energy Cannon 4 | . . . . . . 4 . . . . . Ballistic Gun 41 | 2 4 . . . 8 10 3 9 . 2 3 Ballistic Cannon 1 | . 1 . . . . . . . . . . Launcher 4 | . . . . . . 1 . 2 . . 1 Special Weapon . | . . . . . . . . . . . . Impact Weapon 14 | . . 1 . . 1 4 1 3 . 3 1 Slashing Weapon . | . . . . . . . . . . . . Piercing Weapon . | . . . . . . . . . . . . Special Melee Weapon 1 | . . . 1 . . . . . . . . Unidentified Prototypes 8 | . . . . . . . 1 2 . 1 4 Parts Lost 28 | . . . . . 5 8 3 1 . . 11 Power 4 | . . . . . 1 1 . . . . 2 Propulsion 6 | . . . . . 2 1 1 1 . . 1 Utility 13 | . . . . . 2 4 1 . . . 6 Weapon 5 | . . . . . . 2 1 . . . 2 Highest Loss Streak 11 | . . . . . 2 4 1 1 . . 11 To Critical Strikes . | . . . . . . . . . . . . Average Slot Usage (%) 94 | . 99 100 100 100 87 98 98 98 92 91 73 Engine 6 | . 14 14 14 14 7 . . 4 7 7 1 Core 4 | . . . . . 1 8 9 9 7 7 2 Treads 15 | . 28 28 28 28 17 17 17 . . . . Wheel 2 | . . . . . . . . 14 7 7 6 Device 15 | . 10 . . . 16 26 18 23 23 20 4 Storage 10 | . 14 14 14 14 9 9 9 7 7 7 12 Processor 5 | . 3 3 . . . . 6 10 15 15 9 Protection 12 | . . 10 14 14 15 17 19 9 7 9 16 Energy Gun 2 | . 10 9 . 14 1 . . . . . 2 Ballistic Gun 12 | . 14 . . . 13 15 16 14 15 14 5 Ballistic Cannon 2 | . 3 14 14 14 1 . . . . . . Impact Weapon 1 | . . 4 . . . 1 1 . . . 3 Naked Turns . | . . . . . . . . . . . . Heaviest Build 117 | 12 28 31 50 51 74 71 69 115 112 117 117 Greatest Support 40 | 40 40 40 40 40 40 40 40 32 28 28 28 Greatest Overweight (x) 7 | . . . 1 1 1 1 1 7 3 4 4 Average Overweight (x) 1 | . . . . 1 1 1 1 3 3 3 3 Largest Inventory Capacity 25 | 8 15 15 20 20 20 20 20 25 25 25 25 Average Capacity 19 | 7 13 15 18 20 20 20 20 23 25 25 25 Most Carried 25 | 6 15 15 20 20 20 20 20 25 25 25 25 Average Carried 19 | 4 13 14 17 20 19 19 19 23 24 24 24 Final Capacity 25 | 8 15 15 20 20 20 20 20 25 25 25 25 Final Carried 25 | 6 15 15 20 20 20 19 20 24 25 25 25 Class Distribution -------------------- 76% | Mutant 23% | Scavenger-Mutant Dominant Class ---------------- Mutant | -10/Materials Mutant | -10/Mines Mutant | -10/Exiles Mutant | -9/Mines Scavenger-Mutant | -8/Materials Mutant | -8/Garrison Scavenger-Mutant | -8/Materials Mutant | -7/Factory Mutant | -7/Lower Caves Mutant | -7/Zion Scavenger-Mutant | -7/Deep Caves Resources | -11 -10 -10 -10 -9 -8 -8 -8 -7 -7 -7 -7 ----------- Run | Jun Mat Min Exi Min Mat Gar Mat Fac Low Zio Dee Matter Collected 3565 | 259 263 22 . 38 572 763 592 764 17 57 218 Remotely . | . . . . . . . . . . . . Salvage Created 4096 | 27 499 88 . 38 766 850 762 848 . . 218 Parts 254 | 3 38 4 . 5 49 50 36 44 . . 25 Haulers Intercepted 8 | . 2 . . . 2 . 2 2 . . . Recyclers Shooed 1 | . 1 . . . . . . . . . . Parts Field Recycled . | . . . . . . . . . . . . Retrieved Matter . | . . . . . . . . . . . . Parts Self-Destructed . | . . . . . . . . . . . . Prevented . | . . . . . . . . . . . . Kills | -11 -10 -10 -10 -9 -8 -8 -8 -7 -7 -7 -7 ------- Run | Jun Mat Min Exi Min Mat Gar Mat Fac Low Zio Dee Combat Hostiles Destroyed 84 | . 14 1 . 2 15 25 12 12 . . 3 Melee 2 | . . . . . . . 1 1 . . . Guns 66 | . 11 1 . 2 9 23 10 8 . . 2 Cannons 9 | . 3 . . . 6 . . . . . . AOE 6 | . . . . . . 2 . 3 . . 1 Classes Destroyed 17 | 1 6 1 . . 2 5 1 . . . 1 Worker 3 | . 1 . . . . . 2 . . . . Builder 1 | . . 1 . . . . . . . . . Tunneler 3 | 1 . 2 . . . . . . . . . Hauler 8 | . 2 . . . 2 . 2 2 . . . Recycler 4 | . 1 . . . . . 1 2 . . . Operator 2 | . . . . . . . 1 1 . . . Watcher 4 | . 1 . . . 1 . . 2 . . . Swarmer 27 | . 9 1 . 2 2 7 3 3 . . . Grunt 28 | . 5 . . . 6 6 7 4 . . . Brawler 2 | . . . . . . 1 1 . . . . Duelist 1 | . . . . . . 1 . . . . . Protector 1 | . . . . . . 1 . . . . . Sentry 11 | . . . . . 5 3 1 2 . . . Demolisher 1 | . . . . . . 1 . . . . . Hunter 3 | . . . . . 2 . . 1 . . . Programmer 6 | . . . . . . 4 . 2 . . . Z-Technician 4 | . . . . . . . . . . . 4 Z-Light 2 | . . . . . . . . . . . 2 Thug 1 | . . . . . . 1 . . . . . Best Kill Streak 8 | 1 8 1 . 2 5 5 4 3 . . 4 Combat Bots Only 8 | . 8 1 . 2 5 5 4 3 . . 2 Max Kills in Single Turn 2 | 1 1 1 . 1 1 2 1 2 . . 1 Gunslinging 1 | . . . . . . 1 . . . . . Exploded 2 | . . . . . . 1 . 2 . . 1 Melee 1 | . . . . . . . 1 1 . . . Uniques/NPCs Destroyed 1 | . . . . . . . . . . . 1 Z-Imprinter (-7/Deep Caves) Combat | -11 -10 -10 -10 -9 -8 -8 -8 -7 -7 -7 -7 -------- Run | Jun Mat Min Exi Min Mat Gar Mat Fac Low Zio Dee Damage Taken 6024 | . 279 43 . 45 889 1398 492 695 . . 2183 Core 1087 | . 46 . . . 119 103 79 107 . . 633 Absorbed by Shields 367 | . . . . . 72 295 . . . . . Regen/Repaired (Parts) 66 | . 66 . . . . . . . . . . Core Remaining (%) 75 | 100 . . . 81 . . 45 . . . . Volleys Fired 357 | 1 41 2 . 2 73 85 47 61 . . 45 Largest 2 | 2 2 2 . 2 2 2 2 2 . . 2 Hottest 100 | 40 85 85 . 85 85 63 51 51 . . 100 Shots Fired 671 | 2 82 4 . 4 143 164 98 120 . . 54 Gun 619 | 2 78 2 . 2 112 157 98 117 . . 51 Cannon 43 | . 4 2 . 2 31 4 . . . . . Launcher 9 | . . . . . . 3 . 3 . . 3 Special . | . . . . . . . . . . . . Kinetic 614 | 2 73 2 . 2 115 157 98 117 . . 48 Thermal 41 | . 9 2 . 2 28 . . . . . . Explosive 9 | . . . . . . 3 . 3 . . 3 Electromagnetic 7 | . . . . . . 4 . . . . 3 Robot Hit Streak 19 | 1 11 1 . 1 14 8 10 13 . . 19 Robot Miss Streak 4 | . 3 2 . 1 4 3 4 4 . . 2 Penetration Max 1 | . . . . . . 1 1 . . . . Secondary Targets 9 | . . . . . . 7 2 . . . . Max Gunslinging Chain 1 | . . . . . . 1 1 . . . . Shots Hit Robots 457 | 1 57 5 3 2 101 102 65 78 . . 43 Core Hits 200 | 1 26 4 . 2 41 46 25 37 . . 18 Critical Kills 2 | . . . . . . . 1 1 . . . Critical Parts Destroyed 4 | . . 1 . . . . 3 . . . . Critical Strikes 9 | . . 1 . . 3 . 4 1 . . . Burn 2 | . . . . . 2 . . . . . . Destroy 3 | . . . . . . . 2 1 . . . Blast 1 | . . . . . 1 . . . . . . Smash 3 | . . 1 . . . . 2 . . . . Melee Attacks 75 | . . 11 3 . 3 26 11 4 . 9 8 Impact 72 | . . 11 . . 3 26 11 4 . 9 8 Slashing . | . . . . . . . . . . . . Piercing . | . . . . . . . . . . . . Sneak Attacks 8 | . . 4 3 . . . 1 . . . . Combat Hostiles . | . . . . . . . . . . . . Follow-up Attacks . | . . . . . . . . . . . . Damage Inflicted 8512 | 16 733 256 . 44 1521 1961 1358 1595 . . 1028 Guns 6587 | 15 607 13 . 26 1088 1733 1077 1276 . . 752 Cannons 498 | . 63 . . 18 417 . . . . . . Explosions 745 | . . . . . . 228 . 241 . . 276 Melee 564 | . . 212 . . . . 274 78 . . . Ramming 118 | 1 63 31 . . 16 . 7 . . . . Kinetic 6618 | 15 576 . . 18 1218 1733 1077 1276 . . 705 Thermal 420 | . 94 13 . 26 287 . . . . . . Explosive 745 | . . . . . . 228 . 241 . . 276 Electromagnetic 47 | . . . . . . . . . . . 47 Impact 564 | . . 212 . . . . 274 78 . . . Slashing . | . . . . . . . . . . . . Piercing . | . . . . . . . . . . . . Highest Corruption 3 | . . . . . . 3 3 1 . . . Average Corruption 2 | . . . . . . 1 3 1 . . . Corruption Purged 1 | . . . . . . . . 1 . . . Corruption Blocked . | . . . . . . . . . . . . Effects 36 | . . . . . . 7 28 1 . . . Message Errors 7 | . . . . . . 1 6 . . . . Matter Fused 7 | . . . . . . 1 6 . . . . Heat Flow Errors 5 | . . . . . . 1 4 . . . . Energy Discharges 5 | . . . . . . . 5 . . . . Data Loss (minor) 4 | . . . . . . 1 3 . . . . Data Loss (major) 1 | . . . . . . 1 . . . . . Misfires 6 | . . . . . . 1 4 1 . . . Alerts 1 | . . . . . . 1 . . . . . Overload Shots . | . . . . . . . . . . . . Overflow Damage 266 | . . 73 . . . 8 154 31 . . . Projectiles . | . . . . . . . . . . . . Explosions 39 | . . . . . . 8 . 31 . . . Melee 227 | . . 73 . . . . 154 . . . . Knockbacks 10 | . . 1 . 1 8 . . . . . . Impact 1 | . . 1 . . . . . . . . . Kinetic 9 | . . . . 1 8 . . . . . . Secondary . | . . . . . . . . . . . . Self-Inflicted Damage 52 | . . . . . . . . . . . 52 Shots 1 | . . . . . . . . . . . 1 Rammed 23 | 1 9 7 . . 4 . 2 . . . . Targets Rammed 25 | 1 11 7 . . 4 . 2 . . . . Kicked . | . . . . . . . . . . . . Crushed 2 | . 2 . . . . . . . . . . Highest Temperature 344 | . 78 66 . 66 271 300 344 78 . . 314 Average Temperature 90 | . 24 33 . 33 72 97 105 16 . . 184 Received Heat Transfer 1836 | . 36 . . . 320 430 279 201 . . 570 Effects 2 | . . . . . 1 . 1 . . . . Energy Bleed 1 | . . . . . . . 1 . . . . Interference 1 | . . . . . 1 . . . . . . Siege Activations . | . . . . . . . . . . . . Robots Corrupted . | . . . . . . . . . . . . Combat Hostiles . | . . . . . . . . . . . . Parts Fried 8 | . . 5 . . . . 3 . . . . Impact Corruptions 9 | . . 4 . . . . 5 . . . . Robots Melted . | . . . . . . . . . . . . Combat Hostiles . | . . . . . . . . . . . . Parts Melted 2 | . 1 . . . . 1 . . . . . Heat Transferred 1369 | . 259 37 . 74 999 . . . . . . Parts Sabotaged . | . . . . . . . . . . . . Parts Stolen . | . . . . . . . . . . . . Parts Stripped . | . . . . . . . . . . . . Power Chain Reactions . | . . . . . . . . . . . . Missiles Intercepted . | . . . . . . . . . . . . Alert | -11 -10 -10 -10 -9 -8 -8 -8 -7 -7 -7 -7 ------- Run | Jun Mat Min Exi Min Mat Gar Mat Fac Low Zio Dee Peak Influence 1323 | 5 231 121 . 94 216 1323 694 310 . . . Initial 644 | . 3 17 . . 36 121 644 189 . . . Average 250 | 2 78 16 . 92 42 647 554 187 . . . Maximum Alert Level 4 | . 1 . . . 1 4 2 1 . . . Low Security (%) 60 | 100 82 100 . 100 99 15 . 47 . . . Level 1 12 | . 17 . . . . 15 . 52 . . . Level 2 18 | . . . . . . 25 100 . . . . Level 3 5 | . . . . . . 31 . . . . . Level 4 2 | . . . . . . 11 . . . . . Level 5 . | . . . . . . . . . . . . High Security . | . . . . . . . . . . . . Max Security . | . . . . . . . . . . . . Squads Dispatched 13 | . 2 . . . 1 . 2 8 . . . Investigation 4 | . 2 . . . . . 1 1 . . . Extermination 2 | . . . . . . . . 2 . . . Reinforcement 4 | . . . . . . . 1 3 . . . Assault . | . . . . . . . . . . . . Garrison 3 | . . . . . 1 . . 2 . . . Intercept . | . . . . . . . . . . . . Searches Triggered . | . . . . . . . . . . . . Construction Impeded . | . . . . . . . . . . . . Haulers Reinforced 2 | . . . . . . . . 2 . . . Active Scanning Responses . | . . . . . . . . . . . . Cargo Convoy Interrupts . | . . . . . . . . . . . . Stealth | -11 -10 -10 -10 -9 -8 -8 -8 -7 -7 -7 -7 --------- Run | Jun Mat Min Exi Min Mat Gar Mat Fac Low Zio Dee Distress Signals 6 | . 1 . . . 3 . 2 . . . . Communications Jammed . | . . . . . . . . . . . . Distress Signals . | . . . . . . . . . . . . Times Spotted 131 | . 24 3 . 4 26 30 21 19 . . 4 Peak Tracking Total 8 | . 8 3 . 4 4 4 5 4 . . 3 Tactical Retreats 3 | . 1 . . . 1 1 . . . . . Traps | -11 -10 -10 -10 -9 -8 -8 -8 -7 -7 -7 -7 ------- Run | Jun Mat Min Exi Min Mat Gar Mat Fac Low Zio Dee Traps Triggered 11 | . 2 . . . . 7 1 1 . . . Indirectly . | . . . . . . . . . . . . Trap Hack Attempts . | . . . . . . . . . . . . Triggered . | . . . . . . . . . . . . Disarmed 6 | . 6 . . . . . . . . . . Reprogrammed . | . . . . . . . . . . . . Reused . | . . . . . . . . . . . . Traps Extracted . | . . . . . . . . . . . . Installed . | . . . . . . . . . . . . Triggered . | . . . . . . . . . . . . Machines | -11 -10 -10 -10 -9 -8 -8 -8 -7 -7 -7 -7 ---------- Run | Jun Mat Min Exi Min Mat Gar Mat Fac Low Zio Dee Machines Disabled 17 | . . . . . . 12 3 . . . 2 Max in Single Turn 3 | . . . . . . 3 1 . . . 1 Garrison Relay 7 | . . . . . . 7 . . . . . Phase Generator 1 | . . . . . . 1 . . . . . Machines Repaired . | . . . . . . . . . . . . Machines Sabotaged . | . . . . . . . . . . . . Overloaded Fab Kills . | . . . . . . . . . . . . Hacking | -11 -10 -10 -10 -9 -8 -8 -8 -7 -7 -7 -7 --------- Run | Jun Mat Min Exi Min Mat Gar Mat Fac Low Zio Dee Machines Accessed 33 | . 11 . 2 . 10 3 2 4 . 1 . Terminals 23 | . 8 . . . 9 3 1 2 . . . Fabricators 1 | . . . . . . . . 1 . . . Repair Stations 3 | . 1 . . . . . 1 1 . . . Recycling Units 2 | . 2 . . . . . . . . . . Scanalyzers . | . . . . . . . . . . . . Garrison Access 1 | . . . . . 1 . . . . . . Total Hacks 76 | . 28 . 2 . 21 6 4 11 . 4 . Successful 39 | . 12 . 2 . 11 2 2 6 . 4 . Failed 36 | . 15 . . . 10 4 2 5 . . . Catastrophic 5 | . 3 . . . . 1 . 1 . . . Database Lockouts 1 | . 1 . . . . . . . . . . Manual 31 | . 15 . 1 . 8 . 2 5 . . . Terminals 55 | . 24 . . . 19 6 2 4 . . . Fabricators 4 | . . . . . . . . 4 . . . Repair Stations 7 | . 2 . . . . . 2 3 . . . Recycling Units 2 | . 2 . . . . . . . . . . Scanalyzers . | . . . . . . . . . . . . Garrison Access 2 | . . . . . 2 . . . . . . Terminal Hacks 24 | . 6 . 2 . 7 2 1 2 . 4 . Record 2 | . . . 1 . 1 . . . . . . Part Schematic 5 | . . . . . 1 . . . . 4 . Robot Analysis 3 | . 3 . . . . . . . . . . Prototype ID Bank 3 | . . . . . 3 . . . . . . Branch Access Points 1 | . . . . . . . . 1 . . . Emergency Access Points 1 | . . . . . . 1 . . . . . Unreport Threat 2 | . . . . . . . 1 1 . . . Locate Traps 2 | . 2 . . . . . . . . . . Disarm Traps 1 | . 1 . . . . . . . . . . Hauler Manifests 2 | . . . . . 2 . . . . . . Garrison Registry 1 | . . . . . . 1 . . . . . EX-Prototype ID Bank 1 | . . . 1 . . . . . . . . Fabricator Hacks 2 | . . . . . . . . 2 . . . Load Schematic 1 | . . . . . . . . 1 . . . Build 1 | . . . . . . . . 1 . . . Repair Station Hacks 4 | . 2 . . . . . 1 1 . . . Scan Component 3 | . 1 . . . . . 1 1 . . . Repair 1 | . 1 . . . . . . . . . . Recycling Unit Hacks . | . . . . . . . . . . . . Scanalyzer . | . . . . . . . . . . . . Garrison Access Hacks 1 | . . . . . 1 . . . . . . Unlock Access 1 | . . . . . 1 . . . . . . Unauthorized Hacks 8 | . 4 . . . 3 . . 1 . . . Terminals 5 | . 2 . . . 3 . . . . . . Botnet 3 | . 1 . . . 2 . . . . . . Operators 2 | . 1 . . . 1 . . . . . . Fabricators 1 | . . . . . . . . 1 . . . Haulers 1 | . . . . . . . . 1 . . . Repair Stations . | . . . . . . . . . . . . Recycling Units 2 | . 2 . . . . . . . . . . Tunnel 2 | . 2 . . . . . . . . . . Scanalyzers . | . . . . . . . . . . . . Garrison Access . | . . . . . . . . . . . . Data Cores Recovered . | . . . . . . . . . . . . Used . | . . . . . . . . . . . . Hacking Detections 28 | . 9 . . . 10 3 2 4 . . . Full Trace Events 3 | . 1 . . . 1 . . 1 . . . Feedback Events . | . . . . . . . . . . . . Feedback Blocked . | . . . . . . . . . . . . Robot Schematics Acquired 4 | . . . . . . . . . . 4 . Robots Built . | . . . . . . . . . . . . Authchips . | . . . . . . . . . . . . Time . | . . . . . . . . . . . . Total Robot Build Rating . | . . . . . . . . . . . . Part Schematics Acquired 19 | . . . . . 1 . . . . 18 . Parts Built 1 | . . . . . . . . 1 . . . Authchips . | . . . . . . . . . . . . Time 51 | . . . . . . . . 51 . . . Total Part Build Rating 1 | . . . . . . . . 1 . . . Parts Repaired 1 | . 1 . . . . . . . . . . Time 26 | . 26 . . . . . . . . . . Parts Recycled . | . . . . . . . . . . . . Recycled Matter . | . . . . . . . . . . . . Retrieved Matter . | . . . . . . . . . . . . Retrieved Components . | . . . . . . . . . . . . Parts Scanalyzed . | . . . . . . . . . . . . Part Schematics Acquired . | . . . . . . . . . . . . Parts Damaged . | . . . . . . . . . . . . Bothacking | -11 -10 -10 -10 -9 -8 -8 -8 -7 -7 -7 -7 ------------ Run | Jun Mat Min Exi Min Mat Gar Mat Fac Low Zio Dee Used RIF Installer . | . . . . . . . . . . . . Robots Hacked 3 | . . . 3 . . . . . . . . Non-combat 2 | . . . 2 . . . . . . . . Combat 1 | . . . 1 . . . . . . . . Robot Hacks Applied 3 | . . . 3 . . . . . . . . parse_system 3 | . . . 3 . . . . . . . . Relay Couplers Released 30 | . . . . . . 30 . . . . . Machine Destruction 30 | . . . . . . 30 . . . . . Fabnet Peak Effective % . | . . . . . . . . . . . . Robots Rewired . | . . . . . . . . . . . . Allies Hacked . | . . . . . . . . . . . . Hacks Repelled . | . . . . . . . . . . . . Allies | -11 -10 -10 -10 -9 -8 -8 -8 -7 -7 -7 -7 -------- Run | Jun Mat Min Exi Min Mat Gar Mat Fac Low Zio Dee Total Allies 5 | . . 3 . . . 2 . . . . . Largest Group 3 | . . 3 1 1 1 2 . . . . . Highest-Rated Group 51 | . . 40 8 8 8 51 . . . . . Highest-Rated Ally 31 | . . 16 8 8 8 31 . . . . . Total Orders . | . . . . . . . . . . . . Ally Attacks 55 | . . 27 . 3 2 23 . . . . . Total Damage 809 | . . 256 . 21 12 520 . . . . . Kills 11 | . . 4 . 2 . 5 . . . . . Allies Corrupted . | . . . . . . . . . . . . Allies Melted . | . . . . . . . . . . . . Intel | -11 -10 -10 -10 -9 -8 -8 -8 -7 -7 -7 -7 ------- Run | Jun Mat Min Exi Min Mat Gar Mat Fac Low Zio Dee Robot Analysis Total 3 | . 3 . . . . . . . . . . Derelict Logs Recovered 2 | . . 1 . . . . . . 1 . . Drone Launches . | . . . . . . . . . . . . Drone Recoveries . | . . . . . . . . . . . . Exploration | -11 -10 -10 -10 -9 -8 -8 -8 -7 -7 -7 -7 ------------- Run | Jun Mat Min Exi Min Mat Gar Mat Fac Low Zio Dee Turns Passed 12070 | 106 1703 671 740 193 2226 1684 1222 1122 317 1222 864 Spaces Moved 5482 | 55 800 384 348 78 804 569 434 538 215 785 472 Core 2 | 2 . . . . . . . . . . . Treads 3470 | 53 800 384 348 78 804 569 434 . . . . Legs . | . . . . . . . . . . . . Wheels 2010 | . . . . . . . . 538 215 785 472 Hover . | . . . . . . . . . . . . Flight . | . . . . . . . . . . . . Fastest Speed 50 | 50 160 160 160 240 240 240 240 120 145 145 130 Average Speed 186 | 156 160 160 209 240 240 240 240 143 145 149 149 Slowest Speed 240 | 160 160 160 240 240 240 240 240 205 145 160 160 Overloaded Moves . | . . . . . . . . . . . . Propulsion Burnouts . | . . . . . . . . . . . . Robots Hopped . | . . . . . . . . . . . . Cave-ins Triggered . | . . . . . . . . . . . . Exploration Rate (%) 52 | 4 97 63 70 14 66 77 33 17 39 85 64 Regions Visited 11 Branch Regions 6 Pre-discovered Areas 5 | . 2 . 1 . . . . . 1 1 . Known Exits Taken 2 | . . . . . 1 . . 1 . . . Unknown Exits Taken 8 | 1 1 1 1 1 . . 1 . 1 1 . Scrap Searched 8 | . . 1 . . . . . . 3 4 . Spaces Dug 29 | . . 5 . . 2 2 5 12 . 3 . Terrain Destroyed 134 | . . 5 . . 2 78 5 22 . 3 19 Melee 19 | . . 5 . . 2 2 5 2 . 3 . Projectile 1 | . . . . . . 1 . . . . . AOE 114 | . . . . . . 75 . 20 . . 19 Terrain Rammed . | . . . . . . . . . . . . Walls Destroyed . | . . . . . . . . . . . . Machines Disabled . | . . . . . . . . . . . . Actions | -11 -10 -10 -10 -9 -8 -8 -8 -7 -7 -7 -7 --------- Run | Jun Mat Min Exi Min Mat Gar Mat Fac Low Zio Dee Total 6794 | 69 1150 413 357 80 988 751 544 834 221 816 571 Wait 494 | . 255 5 . . 15 19 19 161 . . 20 Move 5471 | 55 799 383 347 77 804 566 433 537 214 784 472 Hop . | . . . . . . . . . . . . Pick Up 103 | 6 17 1 4 . 26 5 10 17 4 6 7 Fast Attach 40 | 7 4 1 . . 9 . 2 9 . 3 5 Attach 32 | . 2 . . . 10 7 5 3 1 . 4 Detach 2 | . 2 . . . . . . . . . . Swap 80 | . 4 1 2 1 12 24 6 16 . 6 8 Drop 103 | . 15 2 1 . 32 6 9 26 2 8 2 Fire 357 | 1 41 2 . 2 73 85 47 61 . . 45 Melee 75 | . . 11 3 . 3 26 11 4 . 9 8 Ram . | . . . . . . . . . . . . Kick . | . . . . . . . . . . . . Crush 24 | . 11 7 . . 4 . 2 . . . . Escape Stasis 13 | . . . . . . 13 . . . . . Rewire . | . . . . . . . . . . . . Trap . | . . . . . . . . . . . . Miscellaneous . | . . . . . . . . . . . . Route ------- -11/Junkyard -10/Materials (discovered 4 exits: [*Mat x3] / [*Min]) -10/Mines (discovered 3 exits: [*Mat x2] / *Exi) -10/Exiles -9/Mines -8/Materials (discovered 3 exits: *Fac x2 / Gar) -8/Garrison (discovered 3 exits: *Mat x3) -8/Materials -7/Factory (discovered 2 exits: *Low x2) -7/Lower Caves (discovered 2 exits: [*Low] / *Zio) -7/Zion (discovered 2 exits: [*Dee] / [*Pro]) -7/Deep Caves (discovered 1 exit: [*Pro]) History --------- Turn | Location | Event 13 | -11/Junkyard | Discovered new exit (range 15) 107 | -11/Junkyard | Entered Materials 225 | -10/Materials | Destroyed 8 combat bots 318 | -10/Materials | Build established: Mutant 452 | -10/Materials | Discovered new exit (range 14) 633 | -10/Materials | Discovered new exit (range 16) 751 | -10/Materials | Central database locked down 827 | -10/Materials | Discovered new exit (range 15) 1069 | -10/Materials | Repaired Assault Rifle 1337 | -10/Materials | Discovered new exit (range 13) 1810 | -10/Materials | Entered Mines 1814 | -10/Mines | Assisted by bots powering up and referring to "LRC-V3" 1815 | -10/Mines | Learned Materials trap positions 2032 | -10/Mines | Discovered new exit (range 4) 2450 | -10/Mines | Discovered new exit (range 10) 2463 | -10/Mines | Deemed a non-threat by the Exiles lab entrance 2465 | -10/Mines | Discovered new exit (range 5) 2481 | -10/Mines | Entered Exiles 2481 | -10/Exiles | Accompanied by 1 ally 2523 | -10/Exiles | Met 8R-AWN 2553 | -10/Exiles | Met EX-HEX 2627 | -10/Exiles | Met EX-DEC 2828 | -10/Exiles | Learned location of Zion (-7) 2873 | -10/Exiles | Met EX-BIN 2907 | -10/Exiles | Aligned with FarCom system 2909 | -10/Exiles | Given EX-Vault access code 2967 | -10/Exiles | Opened EX-Vault 2989 | -10/Exiles | Found Potential Leg 2992 | -10/Exiles | Found Potential Leg 3041 | -10/Exiles | Warned to stay clear of 0b10 Research branches 3197 | -10/Exiles | Discovered new exit (range 12) 3221 | -10/Exiles | Left Exiles lab with Potential Leg 3221 | -10/Exiles | Entered Mines 3221 | -9/Mines | Accompanied by 1 ally 3399 | -9/Mines | Discovered new exit (range 7) 3414 | -9/Mines | Entered Materials 3414 | -8/Materials | Accompanied by 1 ally 3414 | -8/Materials | Evolved 4 slots: Utility x4 3415 | -8/Materials | Loaded intel: 17 trap records 4104 | -8/Materials | Build established: Scavenger-Mutant 4719 | -8/Materials | Discovered new exit (range 8) 4931 | -8/Materials | Discovered new exit (range 16) 5307 | -8/Materials | Build established: Mutant 5575 | -8/Materials | Garrison activated, responded to threat 5640 | -8/Materials | Identified exit to Garrison 5640 | -8/Materials | Entered Garrison 5706 | -8/Garrison | Triggered checkpoint 5906 | -8/Garrison | Rescued a captive Derelict 5907 | -8/Garrison | Rescued a captive Derelict 5951 | -8/Garrison | Garrison Relay disabled 6064 | -8/Garrison | Triggered checkpoint 6196 | -8/Garrison | Triggered checkpoint 6249 | -8/Garrison | Discovered new exit (range 6) 6249 | -8/Garrison | Discovered new exit (range 79) 6249 | -8/Garrison | Discovered new exit (range 64) 6266 | -8/Garrison | P-60 Hacker assimilated allied ZQ-G81(g) 6289 | -8/Garrison | Garrison Relay disabled 6413 | -8/Garrison | Phase Generator disabled 6460 | -8/Garrison | Triggered checkpoint 6586 | -8/Garrison | Triggered checkpoint 6732 | -8/Garrison | Garrison Relay disabled 6875 | -8/Garrison | Triggered checkpoint 6936 | -8/Garrison | Attempted to access garrison exit controls, blocked by remote lockdown 7125 | -8/Garrison | Garrison Relay disabled 7194 | -8/Garrison | Triggered checkpoint 7232 | -8/Garrison | Lost 4 parts (1p1n1u1w) 7259 | -8/Garrison | Garrison Relay disabled 7324 | -8/Garrison | Entered Materials 8070 | -8/Materials | Core integrity fell below 50% 8111 | -8/Materials | Discovered new exit (range 12) 8150 | -8/Materials | Build established: Scavenger-Mutant 8546 | -8/Materials | Entered Factory 8546 | -7/Factory | Evolved 2 slots: Power x1, Utility x1 8633 | -7/Factory | Fabricated Huge Storage Unit? 8992 | -7/Factory | Identified exit to Lower Caves 9215 | -7/Factory | Build established: Mutant 9563 | -7/Factory | Garrison activated, responded to threat 9668 | -7/Factory | Entered Lower Caves 9674 | -7/Lower Caves | Met a Warlord Commander 9675 | -7/Lower Caves | Learned location of Warlord (-4) 9682 | -7/Lower Caves | Found Encrypted Comm Array 9697 | -7/Lower Caves | Encountered a Warlord checkpoint 9948 | -7/Lower Caves | Discovered new exit (range 11) 9956 | -7/Lower Caves | A Derelict revealed a hidden shortcut to a safe place 9985 | -7/Lower Caves | Entered Zion 10146 | -7/Zion | Given the Hacking Drone Bay 10153 | -7/Zion | Found Prototype Device 10153 | -7/Zion | Identified Hacking Drone Bay 10196 | -7/Zion | Discovered new exit (range 12) 10356 | -7/Zion | Learned Factory emergency access door positions 10595 | -7/Zion | Rebuked by Imprinter 10734 | -7/Zion | Found CR-A16's Pointy Stick 11201 | -7/Zion | Discovered new exit (range 5) 11202 | -7/Zion | Saw the warning signs outside the Deep Caves entrance 11207 | -7/Zion | Entered Deep Caves 11429 | -7/Deep Caves | Attacked by Z-Imprinter 11466 | -7/Deep Caves | Core integrity fell below 50% 11489 | -7/Deep Caves | Core integrity fell below 20% 11501 | -7/Deep Caves | Destroyed Z-Imprinter 11510 | -7/Deep Caves | Found Prototype Protection 11510 | -7/Deep Caves | Identified Zio. Weapon Casing 11525 | -7/Deep Caves | Lost 11 parts (2p1n6u2w) 11532 | -7/Deep Caves | Found Zio. Weapon Casing 11600 | -7/Deep Caves | Z-Facility disabled 11765 | -7/Deep Caves | Found Prototype Protection 11765 | -7/Deep Caves | Identified Zio. Heavy Carapace 11769 | -7/Deep Caves | Found Zio. Weapon Casing 11772 | -7/Deep Caves | Found Zio. Weapon Casing 11792 | -7/Deep Caves | Build established: Scavenger-Mutant 11919 | -7/Deep Caves | Found Surveybot 24 Chip 11987 | -7/Deep Caves | Discovered new exit (range 6) 12051 | -7/Deep Caves | Spotted as-09780 12071 | -7/Deep Caves | Destroyed by as-09780 with Assembled Focal Cannon Last Messages --------------- 11590_ Acquired 18 matter. 11595_ Acquired 12 matter. 11600_ Z-Facility disabled. 11686_ Acquired 20 matter. 11688_ Acquired Mak. Hacking Suite. 11693_ Acquired 17 matter. 11701_ Acquired Mak. Hacking Suite. 11707_ Acquired Datajack. 11765_ Acquired Prototype Protection. 11765_ Identified Zio. Heavy Carapace. 11769_ Acquired Zio. Weapon Casing. 11771_ Dropped Prc. Assault Rifle. 11772_ Acquired Zio. Weapon Casing. 11908_ Surveybot 24 destroyed. 11908_ Survey Way Station disabled. 11910_ Acquired 21 matter. 11918_ Dropped Hacking Suite. 11919_ Acquired Surveybot 24 Chip. 11987_ EXIT=FOUND 12052_ as-09780: "DSI9AT1D G8OHIBQ29FWG 26R186 QD12WHW8W33 TDK1 81FTS" Map ----- +----------------------------------------------------+ | ???????????????????????????????????????????????? | | ???????????????????????????????????????????????? | | ????????????????????????????????????????? ???? | | ?????????????????????????? ?????????????# ??? | | ????????????????????????! ??????????### ??? | | ?????????????????????! ??????????? ??? | | ??????????????????? #?????????? #??? | | ?????????????????[[ ! #??????????? ???? | | ??????????????? [ #??????????? ???? | | ????????????? = [ #???????????# #???? | | ??????????? #???????????# #???? | | ??????????? ##??????????# #???? | | ?????????? = #?????????## ##??? | | ?????????? = = #????????## #### | | ????????? ** = #????????# | | ????????? ########## | | ????????? | | ????????""" * = | | ????????" | | ?????????" ############## | | ????????" #????????????##### | | ?????????" ##????????????????## | | ????????" #G# #??????????????????? | | ????????" #### ## ## ##??????????????????? | | ????????""" ???????# ?# ####???????????????????? | | ???????????????????#??#@#??????????????????????? | | ??????????????????????###??????????????????????? | | | | | | | | | | | | | | | | | | | | | | | | | | | | | | | | | | | | | | | | | | | | | | | +----------------------------------------------------+ Best States ------------- Heat Dissipation 63 Energy Generation 30 Energy Capacity 700 Matter Stores 300 Matter Capacity 300 Sight Range 16 Terrain Scan Density 10 Armor Coverage 1200 Weapon Shielding 100 Weapon Cycling 30 Evasion (%) 40 Targeting Accuracy 16 Recoil Reduction 2 Particle Charging 15 Item Schematics ----------------- Huge Storage Unit | -8/Materials | Hacked Barrage Gun | -7/Zion | Free Flamer | -7/Zion | Free Enh. Flamer | -7/Zion | Free Phasing Sabre | -7/Zion | Free Imp. Hacking Suite | -7/Zion | Archive Kinecellerator | -7/Zion | Archive Point Defense System | -7/Zion | Archive Mak. Armor Plating | -7/Zion | Archive Energy Well | -7/Zion | Archive Gravmag System | -7/Zion | Archive Drone Bay | -7/Zion | Archive Mak. Axe | -7/Zion | Archive Arc Thrower | -7/Zion | Archive Proton Missile Launcher | -7/Zion | Archive Disruptor Cannon | -7/Zion | Archive Weapon Cycler | -7/Zion | Archive Imp. EM Pulse Cannon | -7/Zion | Archive Phase Cannon | -7/Zion | Archive Robot Schematics ------------------ S-27 Virus | -7/Zion | Archive K-01 Serf | -7/Zion | Archive H-55 Commando | -7/Zion | Archive C-57 Dissector | -7/Zion | Archive Fabricated ------------ Huge Storage Unit | x1 | -7/Factory Alien Tech Used ----------------- None Achievements -------------- None Challenges ------------ None Game ------ Seed DamperBiometalCoupler Manual? 0 Play Time 00:52:51 Cumulative 737.8 hours Start 2023.11.27 @ 22:07:32 End 2023.11.27 @ 22:59:52 Sessions 1 Manual Loads 0 Difficulty Rogue Special Mode None Game No. 658 Rogue 658 Adventurer 0 Explorer 0 Win Type - Total 37 Types 14/3/10/2/0/0/5/2/1 Lore% 97 Gallery% 96 Achievement% 84 Wizard Run 0 Options --------- ASCII 0 Keyboard 0 Movement Numpad Keybinds 0 Fullscreen 1 Font 18/Smallcaps Map View 76x50 Tactical HUD 1 Map Filters NONE Filters NONE Steam 1 RUN: 592eaefd-99cc-4515-95a1-bfd52549de58